AoeStats
← JLlanqui

Arabia

509262099Analyzed
1v1 RM · 5d ago on Sep 26, 2026· 66m 22s· 2 players
Game mode
Random Map
Map size
Tiny (2 player)
Population
200
Speed
Normal
Resources
Standard
Victory
Conquest
Starting age
Dark Age
Ending age
Imperial Age
RankedLock teamsTeams togetherTeam positionsShared explorationLock speedFull tech treeHidden civsTurbo modeCheats
Victory
Defeat
🇲🇽 Romans · Mexico
1071
+17
🇨🇱 Berbers · Chile
1102
-17
kebig378h
0:27 Loom
10:00 Feudal Age
10:39 Double-Bit Axe
11:19 Man-at-Arms
18:59 Forging
23:51 Castle Age
21:35 Horse Collar
22:19 Bloodlines
22:28 Scale Barding Armor
25:36 Wheelbarrow
25:16 Bow Saw
25:14 Gold Mining
25:34 Long Swordsman
27:20 Town Watch
28:37 Gold Shaft Mining
28:06 Heavy Plow
28:43 Scale Mail Armor
28:34 Fletching
29:02 Pikeman
32:58 Chain Mail Armor
32:56 Stone Mining
34:29 Iron Casting
38:08 Bodkin Arrow
39:08 Husbandry
42:46 Imperial Age
40:38 Hand Cart
42:21 Chain Barding Armor
44:00 Conscription
46:07 Blast Furnace
45:28 Ballistas
44:49 Halberdier
45:32 Squires
50:25 Plate Barding Armor
49:47 Cavalier
51:20 Crop Rotation
50:20 Heavy Scorpion
51:36 Ballistics
52:46 Siege Engineers
56:18 Chemistry
55:46 Capped Ram
60:07 Masonry
60:52 Comitatenses
62:19 Architecture
62:04 Siege Ram
JLlanqui
4:32 Loom
10:28 Feudal Age
11:18 Double-Bit Axe
13:20 Man-at-Arms
15:14 Arson
18:10 Fletching
23:08 Castle Age
24:54 Horse Collar
25:27 Bow Saw
25:11 Gold Mining
27:01 Husbandry
27:16 Heavy Plow
29:11 Scale Barding Armor
30:06 Wheelbarrow
30:59 Chain Barding Armor
34:14 Bloodlines
34:22 Forging
35:07 Gold Shaft Mining
39:17 Imperial Age
37:16 Thumb Ring
39:27 Cavalier
44:08 Light Cavalry
47:08 Elite Genitour
49:16 Ballistics
49:58 Chemistry
50:23 Conscription
50:39 Hoardings
50:48 Hussar
52:03 Siege Engineers
51:59 Bodkin Arrow
52:05 Padded Archer Armor
52:41 Plate Barding Armor
53:42 Bracer
61:05 Onager
64:58 Elite Skirmisher
66:03 Elite Camel Archer
Connection lost

Rejoining the realm…

Still unreachable

The connection could not be restored.

Session expired

The server has moved on; the page needs a fresh start.